 Dungeon Crawl Stone Soup version 0.27.1-2-g3b301248ec (webtiles) character file.

Game seed: 1833758589662985334

1866 MisterFreud the Shield-Bearer (level 9, -11/73 HPs)
             Began as a Gnoll Fighter on Sept 29, 2021.
             Was a Priest of Okawaru.
             Killed from afar by a steam dragon (18 damage)
             ... with a ball of steam
             ... on level 7 of the Dungeon.
             The game lasted 00:08:52 (9069 turns).

MisterFreud the Shield-Bearer (Gnoll Fighter)       Turns: 9069, Time: 00:08:52

Health: -11/73     AC:  9    Str: 15    XL:     9   Next: 13%
Magic:  14/14      EV: 12    Int: 12    God:    Okawaru [***...]
Gold:   300        SH:  0    Dex: 11    Spells: 15/15 levels left

rFire    . . .     SeeInvis +   a - +0 rapier
rCold    . . .     Faith    .   c - +0 kite shield
rNeg     . . .     Spirit   .   b - +0 scale mail
rPois    .         Reflect  +   (no helmet)
rElec    .         Harm     .   (no cloak)
rCorr    .         Rampage  .   (no gloves)
Will     .....                  (no boots)
Stlth    ..........             u - amulet of reflection
HPRegen  0.22/turn              E - ring of see invisible
MPRegen  0.14/turn              (no ring)

@: confused, heroic, ambrosia-drunk, hasted, very quick
A: fangs 1, strong nose, distributed training
a: Renounce Religion, Heroism


You were on level 7 of the Dungeon.
You worshipped Okawaru.
Okawaru was most pleased with you.
You visited 1 branch of the dungeon, and saw 7 of its levels.
You also visited: Sewer.

You collected 300 gold pieces.

Inventory:

Hand Weapons
 a - a +0 rapier (weapon)
 v - a +2 dagger of draining
Missiles
 f - 39 poisoned darts (quivered)
 r - 4 curare-tipped darts
 t - 8 boomerangs
 D - 2 throwing nets
Armour
 b - a +0 scale mail (worn)
 c - a +0 kite shield (worn)
Jewellery
 u - an amulet of reflection (around neck)
 E - a ring of see invisible (left hand)
Wands
 n - a wand of iceblast (19)
Scrolls
 e - 3 scrolls of teleportation {unknown}
 h - 2 scrolls of enchant weapon {unknown}
 l - a scroll of magic mapping
 o - a scroll of torment {unknown}
 p - a scroll of silence {unknown}
 x - a scroll of immolation {unknown}
 y - a scroll of identify
 C - a scroll of fog {unknown}
 F - a scroll of amnesia {unknown}
Potions
 d - 5 potions of might
 g - 2 potions of brilliance
 i - 2 potions of invisibility
 j - 2 potions of flight {unknown}
 k - 2 potions of resistance
 q - a potion of berserk rage {unknown}
 s - 6 potions of haste
 w - a potion of lignification {unknown}
 z - 2 potions of mutation {unknown}
 A - a potion of heal wounds {unknown}
 B - a potion of magic {unknown}


   Skills:
 + Level 7.7(12.7) Fighting
 + Level 6.1(11.1) Short Blades
 + Level 3.9(8.9) Long Blades
 + Level 3.9(8.9) Axes
 + Level 3.9(8.9) Maces & Flails
 + Level 3.9(8.9) Polearms
 + Level 3.9(8.9) Staves
 + Level 3.9(8.9) Slings
 + Level 3.9(8.9) Bows
 + Level 3.9(8.9) Crossbows
 + Level 3.9(8.9) Throwing
 + Level 7.7(12.7) Armour
 + Level 3.9(8.9) Dodging
 + Level 3.9(8.9) Stealth
 + Level 7.7(12.7) Shields
 + Level 3.9(8.9) Unarmed Combat
 + Level 3.9 Spellcasting
 + Level 3.2 Conjurations
 + Level 3.2 Hexes
 + Level 3.2 Summonings
 + Level 3.2 Necromancy
 + Level 3.2 Translocations
 + Level 3.2 Transmutations
 + Level 3.2 Fire Magic
 + Level 3.2 Ice Magic
 + Level 3.2 Air Magic
 + Level 3.2 Earth Magic
 + Level 3.2 Poison Magic
 + Level 4.3 Invocations
 + Level 3.9 Evocations


You had 15 spell levels left.
You didn't know any spells.
Your spell library contained the following spells:

 Spells                   Type           Power      Damage    Failure   Level
 Magic Dart               Conj           40%        1d5       22%         1
 Call Imp                 Summ           10%        N/A       32%         2
 Sublimation of Blood     Necr           5%         N/A       32%         2
 Wereblood                Tmut           10%        N/A       32%         2
 Mephitic Cloud           Conj/Pois/Air  10%        N/A       54%         3
 Ozocubu's Armour         Ice            10%        N/A       54%         3
 Animate Armour           Summ/Erth      20%        N/A       91%         4
 Leda's Liquefaction      Hex/Erth       5%         N/A       91%         4
 Bolt of Magma            Conj/Fire/Erth 5%         4d5       99%         5
 Metabolic Englaciation   Hex/Ice        5%         N/A       99%         5
 Simulacrum               Ice/Necr       5%         N/A       100%        6
 Storm Form               Tmut/Air       5%         N/A       100%        7
 Summon Hydra             Summ           5%         N/A       100%        7


Dungeon Overview and Level Annotations

Branches:
Dungeon (7/15)             Temple (0/1) D:5           Sewer (visited)

Altars:
Dithmenos
Hepliaklqana
Okawaru
Zin

Shops:
D:4 :   D:7 (


Innate Abilities, Weirdness & Mutations

You have very sharp teeth.
Your uncanny sense of smell can sniff out nearby items.
Your experience applies equally to all skills.


Message History

The steam dragon bites you. The steam dragon barely misses you.
You hit the steam dragon.
The steam dragon is moderately wounded.
The steam dragon breathes steam at you. The ball of steam hits you!
You hear a shout! x2
You hit the steam dragon but do no damage.
You bite the steam dragon, but do no damage.
The steam dragon is moderately wounded.
You are engulfed in a cloud of scalding steam.
You hear a shout!
The steam dragon completely misses you. You block the steam dragon's attack.
The steam dragon bites you. You block the steam dragon's attack.
You hit the steam dragon.
The steam dragon is heavily wounded.
You block the steam dragon's attack. The steam dragon claws you.
You hit the steam dragon but do no damage.
Your bite misses the steam dragon.
The steam dragon is heavily wounded.
The steam dragon breathes steam at you. The ball of steam hits you!
* * * LOW HITPOINT WARNING * * *
You hear a shout!
The steam dragon misses you. The steam dragon claws you.
* * * LOW HITPOINT WARNING * * *
Okay, then.
It was a potion of haste.
You feel yourself speed up. The steam dragon misses you.
The steam dragon claws you but does no damage.
You gain the combat prowess of a mighty hero.
You are engulfed in a cloud of scalding steam.
* * * LOW HITPOINT WARNING * * *
You block the steam dragon's attack. x2
You barely miss the steam dragon.
The steam dragon is moderately wounded.
You are confused.
You feel invigorated. The steam dragon breathes steam at you.
The ball of steam hits you!!
You die...

#)#...#.. #†#...#.# ##
#.#####.# . #D####..#.# ##
#.##....#.#...#
#.##....#.#.#∩# #..'§...#
####D...# #.@..# ####....#
........##########
..................
#.........#.########
.........#.........#.#
.........#.........#.#######
.....<...###########........
.........# #......######.


You could see a steam dragon (catching breath).

Vanquished Creatures
  Grinder (D:3)
  Menkaure (D:6)
  A black bear (D:6)
  An ice beast (D:7)
  2 necrophages
  An ogre (D:6)
  A centaur (D:6)
  2 phantoms
  2 kobold brigands (Sewer)
  A howler monkey (D:4)
  2 bullfrog zombies
  A centaur zombie (D:6)
  2 orc priests
  3 hounds
  A bullfrog skeleton (D:5)
  Natasha (thrice) (D:2)
  3 orc wizards
  A hound skeleton (D:4)
  10 adders
  8 river rats (Sewer)
  3 shadow imps
  A worm (D:6)
  3 dart slugs
  12 orcs
  4 bats
  6 endoplasms
  3 giant cockroaches
  5 goblins
  6 hobgoblins
  4 quokkas
  10 ball pythons
  4 frilled lizards
  21 kobolds
  19 rats
148 creatures vanquished.

Vanquished Creatures (others)
  An orc (D:7)
  A plant (D:2)
  A withered plant (D:2)
3 creatures vanquished.

Grand Total: 151 creatures vanquished

Notes
Turn   | Place    | Note
-------+----------+-------------------------------------------
     0 | D:1      | MisterFreud the Gnoll Fighter began the quest for the Orb.
     0 | D:1      | Reached XP level 1. HP: 23/23 MP: 1/1
   407 | D:1      | Reached XP level 2. HP: 29/29 MP: 2/2
   875 | D:1      | Reached XP level 3. HP: 29/35 MP: 3/3
  1158 | D:2      | Found a faded altar of an unknown god.
  1219 | D:2      | Became a worshipper of Warmaster Okawaru
  1219 | D:2      | Reached * piety under Okawaru
  1574 | D:2      | Noticed Natasha
  1581 | D:2      | Killed Natasha
  1582 | D:2      | Reached skill level 1 in Long Blades
  1582 | D:2      | Reached skill level 1 in Axes
  1582 | D:2      | Reached skill level 1 in Maces & Flails
  1582 | D:2      | Reached skill level 1 in Polearms
  1582 | D:2      | Reached skill level 1 in Staves
  1582 | D:2      | Reached skill level 1 in Slings
  1582 | D:2      | Reached skill level 1 in Bows
  1582 | D:2      | Reached skill level 1 in Crossbows
  1582 | D:2      | Reached skill level 1 in Throwing
  1582 | D:2      | Reached skill level 1 in Dodging
  1582 | D:2      | Reached skill level 1 in Stealth
  1582 | D:2      | Reached skill level 1 in Unarmed Combat
  1582 | D:2      | Reached skill level 1 in Spellcasting
  1582 | D:2      | Reached skill level 1 in Invocations
  1582 | D:2      | Reached skill level 1 in Evocations
  1638 | D:2      | Reached XP level 4. HP: 24/41 MP: 5/5
  1752 | D:2      | Noticed Natasha
  1759 | D:2      | Killed Natasha
  1760 | D:2      | Reached skill level 1 in Conjurations
  1760 | D:2      | Reached skill level 1 in Hexes
  1760 | D:2      | Reached skill level 1 in Summonings
  1760 | D:2      | Reached skill level 1 in Necromancy
  1760 | D:2      | Reached skill level 1 in Translocations
  1760 | D:2      | Reached skill level 1 in Transmutations
  1760 | D:2      | Reached skill level 1 in Fire Magic
  1760 | D:2      | Reached skill level 1 in Ice Magic
  1760 | D:2      | Reached skill level 1 in Air Magic
  1760 | D:2      | Reached skill level 1 in Earth Magic
  1760 | D:2      | Reached skill level 1 in Poison Magic
  1797 | D:2      | Noticed Natasha
  1982 | D:2      | Killed Natasha
  1983 | D:2      | Reached XP level 5. HP: 43/47 MP: 5/7
  2610 | D:3      | Noticed Grinder
  2617 | D:3      | Paralysed by Grinder for 4 turns
  2629 | D:3      | Paralysed by Grinder for 3 turns
  2634 | D:3      | Killed Grinder
  2634 | D:3      | Reached ** piety under Okawaru
  2635 | D:3      | Reached skill level 5 in Short Blades
  2635 | D:3      | Reached XP level 6. HP: 25/53 MP: 5/9
  3726 | D:2      | Reached XP level 7. HP: 59/59 MP: 10/10
  3939 | D:4      | Found Kogoc's Book Shop.
  4611 | D:5      | Entered Level 5 of the Dungeon
  5014 | D:5      | Found a staircase to the Ecumenical Temple.
  5114 | D:5      | Reached *** piety under Okawaru
  5905 | D:5      | Found a hazy altar of Hepliaklqana.
  6023 | D:6      | Reached XP level 8. HP: 63/67 MP: 12/12
  6025 | D:6      | Noticed Menkaure
  6028 | D:6      | Found an iron altar of Okawaru.
  6036 | D:6      | Killed Menkaure
  6208 | D:6      | Found a glowing drain.
  6233 | Sewer    | Entered a sewer
  8242 | D:6      | Found a glowing silver altar of Zin.
  8244 | D:6      | Got the Reference Book on Earthen Moulding
  8457 | D:6      | Reached XP level 9. HP: 47/72 MP: 14/14
  8924 | D:7      | Found a shadowy altar of Dithmenos.
  8999 | D:7      | Found Ryllut's Antique Weapon Shoppe.
  9069 | D:7      | Killed from afar by a steam dragon

Illustrated notes

Levels and vault maps discovered:
D:1:      minmay_arrival_pointy, layout_loops_ring
D:2:      layout_loops_ring, shapermc_ecumenical_altar_flowoftime, uniq_natasha
D:3:      layout_loops_corners, uniq_grinder
D:4:      layout_basic, serial_shops, shop,
          hangedman_abyss_or_decor_lesser_grid, grunt_ministairs_3,
          interstate_on_off
D:5:      layout_loops_ring, kennysheep_little_box, minmay_temple_entry_grid,
          minmay_misc_feat_four_crosses
D:6:      layout_layer_cave, okawaru_gym_becter, zin_academy,
          portal_sewer_entry_b, uniq_menkaure
D:7:      layout_basic, grunt_dithmenos_smoke, nicolae_inconvenience_store

Skill      XL: |  1  2  3  4  5  6  7  8 |
---------------+-------------------------+-----
Long Blades    | 1 2 3 |  3.9
Axes           | 1 2 3 |  3.9
Maces & Flails | 1 2 3 |  3.9
Polearms       | 1 2 3 |  3.9
Staves         | 1 2 3 |  3.9
Slings         | 1 2 3 |  3.9
Bows           | 1 2 3 |  3.9
Crossbows      | 1 2 3 |  3.9
Throwing       | 1 2 3 |  3.9
Dodging        | 1 2 3 |  3.9
Stealth        | 1 2 3 |  3.9
Unarmed Combat | 1 2 3 |  3.9
Spellcasting   | 1 2 3 |  3.9
Invocations    | 1 2 3 4 |  4.3
Evocations     | 1 2 3 |  3.9
Conjurations   | 1 2 3 |  3.2
Hexes          | 1 2 3 |  3.2
Summonings     | 1 2 3 |  3.2
Necromancy     | 1 2 3 |  3.2
Translocations | 1 2 3 |  3.2
Transmutations | 1 2 3 |  3.2
Fire Magic     | 1 2 3 |  3.2
Ice Magic      | 1 2 3 |  3.2
Air Magic      | 1 2 3 |  3.2
Earth Magic    | 1 2 3 |  3.2
Poison Magic   | 1 2 3 |  3.2
Short Blades   | 5 6 |  6.1
Fighting       | 7 |  7.7
Armour         | 7 |  7.7
Shields        | 7 |  7.7

Action                   |  1- 3 |  4- 6 |  7- 9 || total
-------------------------+-------+-------+-------++-------
Melee: Rapier            |    95 |   113 |   516 ||   724
       Bite              |    10 |     3 |    55 ||    68
       Dagger            |       |       |    40 ||    40
Throw: Dart              |       |       |     3 ||     3
Invok: Heroism           |     1 |     4 |     4 ||     9
  Use: Scroll            |       |       |     6 ||     6
       Potion            |       |       |     2 ||     2
Armor: Scale mail        |    24 |    26 |   190 ||   240
Dodge: Dodged            |    21 |    28 |   163 ||   212
Block: Kite shield       |    40 |    37 |   308 ||   385
